 Dungeon Crawl Stone Soup version 0.23.2-1-ga50397a (webtiles) character file.

Game seed: 10218677266710069556

239 Borgoz the Slasher (level 6, 0/51 HPs)
             Began as a Hill Orc Gladiator on May 16, 2019.
             Splashed by a jelly's acid (3 damage)
             ... on level 3 of the Dungeon.
             The game lasted 00:04:08 (2818 turns).

Borgoz the Slasher (Hill Orc Gladiator)             Turns: 2818, Time: 00:04:09

Health: 0/51       AC: -2    Str: 22    XL:     6   Next: 7%
Magic:  0/6        EV: 13    Int:  8    God:
Gold:   183        SH:  0    Dex: 14    Spells: 5/5 levels left

rFire    . . .     SeeInvis .   a - +0 long sword
rCold    . . .     Gourm    .   (no shield)
rNeg     . . .     Faith    .   b - +0 leather armour
rPois    .         Spirit   +   c - +0 helmet
rElec    .         Reflect  .   n - +0 cloak
rCorr    .         Harm     .   (no gloves)
MR       .....                  (no boots)
Stlth    ++........             p - amulet of guardian spirit
HPRegen  0.17/turn              (no ring)
MPRegen  0.10/turn              (no ring)

@: mighty, corroded
A: no striking features
a: no special abilities


You were on level 3 of the Dungeon.
You were not hungry.

You visited 1 branch of the dungeon, and saw 3 of its levels.

You collected 183 gold pieces.

Inventory:

Hand Weapons
 a - a +0 long sword (weapon)
Missiles
 d - 2 throwing nets (quivered)
Armour
 b - a +0 leather armour (worn)
 c - a +0 helmet (worn)
 n - a +0 cloak (worn)
Jewellery
 p - an amulet of guardian spirit (around neck)
Wands
 r - a wand of random effects (21)
Scrolls
 e - 2 scrolls of immolation {unknown}
 g - 2 scrolls of blinking {unknown}
 h - 5 scrolls of identify {unknown}
 k - a scroll of noise {unknown}
 m - 5 scrolls of remove curse {unknown}
 t - 3 scrolls of magic mapping {unknown}
Potions
 i - 2 potions of brilliance {unknown}
 j - a potion of cancellation {unknown}
 l - a potion of magic {unknown}
 o - a potion of agility {unknown}
Comestibles
 f - 7 rations


   Skills:
 + Level 3.6 Fighting
 * Level 5.0 Long Blades
 - Level 1.7 Throwing
 + Level 2.3 Armour
 + Level 3.1 Dodging
 + Level 1.7 Stealth


You had 5 spell levels left.
You didn't know any spells.
Your spell library was empty.

Dungeon Overview and Level Annotations

Branches:
Dungeon (3/15)

Altars:
Ashenzari
Cheibriados
Kikubaaqudgha


Message History

Aim: a jelly (heavily wounded)
You throw a throwing net. The throwing net hits the jelly.
The jelly is caught in the net!
The jelly is heavily wounded.
The jelly struggles against the net.
Okay, then.
It was a potion of might.
You feel very mighty all of a sudden.
The jelly struggles against the net.
You completely miss the jelly.
The jelly is heavily wounded.
The jelly jiggles.
The jelly struggles against the net.
You hit the jelly.
Your hands burn!
* * * LOW HITPOINT WARNING * * *
The jelly is heavily wounded.
The jelly struggles against the net.
You catch the helpless jelly completely off-guard!
You hit the jelly.
Your hands burn!
You die...

##PP.... # ##.P.PPP !#
##..P..# ..#
#..P..###P.P##
..#.##.P.......P........
.......g................
.#.###S##.._..##.......
#J#.......#P.....#
#@#########......#
#................#
##...............#
#...............#
#...............#
#........########
#........# ###...#'##
#...#.##


You could see a jelly (caught), an adder and a goblin.

Vanquished Creatures
  An orc priest (D:3)
  A jelly (D:3)
  Jessica (D:2)
  5 adders
  6 oozes (D:3)
  2 worms (D:2)
  4 leopard geckos
  3 orcs (D:3)
  4 giant cockroaches
  4 goblins
  9 hobgoblins
  5 jackals (D:1)
  3 ball pythons (D:3)
  A ball python zombie (D:2)
  6 bats
  4 frilled lizards
  9 kobolds
  4 rats
  A fungus (D:3)
73 creatures vanquished.

Vanquished Creatures (others)
  4 fungi (D:3)
  9 toadstools (D:3)
13 creatures vanquished.

Grand Total: 86 creatures vanquished

Notes
Turn   | Place    | Note
-------+----------+-------------------------------------------
     0 | D:1      | Borgoz the Hill Orc Gladiator began the quest for the Orb.
     0 | D:1      | Reached XP level 1. HP: 18/18 MP: 1/1
    95 | D:1      | Reached XP level 2. HP: 23/25 MP: 2/2
   549 | D:1      | Reached skill level 1 in Armour
   658 | D:2      | Reached XP level 3. HP: 30/30 MP: 3/3
   720 | D:2      | Noticed Jessica
   724 | D:2      | Killed Jessica
   724 | D:2      | Reached skill level 4 in Long Blades
   755 | D:2      | Reached XP level 4. HP: 26/38 MP: 2/4
   907 | D:2      | Reached skill level 1 in Stealth
  1560 | D:3      | Reached XP level 5. HP: 32/45 MP: 3/5
  1611 | D:3      | Found a snail-covered altar of Cheibriados.
  2239 | D:3      | Found a shattered altar of Ashenzari.
  2528 | D:3      | Reached skill level 5 in Long Blades
  2528 | D:3      | Reached XP level 6. HP: 22/51 MP: 1/6
  2799 | D:3      | Found an ancient bone altar of Kikubaaqudgha.
  2818 | D:3      | Splashed by a jelly's acid

Skill      XL: |  1  2  3  4  5 |
---------------+----------------+-----
Armour         | 1 2 |  2.3
Long Blades    | 4 5 |  5.0
Fighting       | 3 |  3.6
Stealth        | 1 |  1.7
Dodging        | 3 |  3.1
Throwing       | |  1.7

Action                   |  1- 3 |  4- 6 || total
-------------------------+-------+-------++-------
Melee: Long sword        |    66 |   155 ||   221
Throw: Throwing net      |       |     1 ||     1
  Use: Potion            |       |     1 ||     1
 Stab: Sleeping          |       |     2 ||     2
       Held in net/web   |       |     1 ||     1
  Eat: Chunk             |       |     6 ||     6
Armor: Leather armour    |    22 |    63 ||    85
Dodge: Dodged            |    47 |   119 ||   166
       Rpst.: Long sword |     7 |    36 ||    43
